 Dungeon Crawl Stone Soup version 0.17-a0-1642-gd4b747b (webtiles) character file.

846 kae the Firebug (level 8, -2/44 HPs)
             Began as a Tengu Fire Elementalist on Aug 8, 2015.
             Slain by a sky beast (5 damage)
             ... on level 5 of the Dungeon.
             The game lasted 00:09:40 (4185 turns).

kae the Firebug (Tengu Fire Elementalist)           Turns: 4185, Time: 00:09:41

Health: -2/44      AC:  3    Str:  9    XL:     8   Next: 0%
Magic:  3/14       EV: 14    Int: 21    God:
Gold:   181        SH:  0    Dex: 15    Spells: 4 memorised, 4 levels left

rFire  . . .     SeeInvis .     q - +1 spear (pierce)
rCold  . . .     Clarity  .     a - +1 robe
rNeg   . . .     SustAt   .     (no shield)
rPois  .         Gourm    .     (helmet restricted)
rElec  .         Spirit   .     (no cloak)
rCorr  .         Warding  .     (no gloves)
rMut   .         Stasis   .     (boots unavailable)
MR     .....                    m - amulet of regeneration
Stlth  +.........               p - ring of loudness (curse)
                                h - +4 ring of intelligence

@: not resistant to hostile enchantments, very unstealthy
A: beak, talons 3, able to fly 1
a: Fly


You were on level 5 of the Dungeon.
You were hungry.

You visited 1 branch of the dungeon, and saw 5 of its levels.
You also visited: Sewer.

You collected 181 gold pieces.

Inventory:

Hand weapons
 k - a +2 dagger of venom
 q - a +1 spear of piercing (weapon)
Armour
 a - a +1 robe (worn)
 r - a troll hide {Purgy}
Jewellery
 h - a +4 ring of intelligence (left hand)
 m - an amulet of regeneration (around neck)
 p - a cursed ring of loudness (right hand)
 w - a +2 ring of evasion {unknown}
Magical devices
 e - a wand of random effects (24)
Scrolls
 g - 2 scrolls of remove curse
 i - a scroll of enchant weapon
 j - 4 scrolls of identify
 u - a scroll of enchant armour
 v - a scroll of noise {unknown}
 y - 2 scrolls of magic mapping {unknown}
 z - a scroll of teleportation {unknown}
Potions
 f - 2 potions of curing
 l - 5 potions of flight {unknown}
 o - a potion of berserk rage {unknown}
 t - a potion of resistance {unknown}
 x - a potion of poison {unknown}
Books
 b - a book of Flames

   Spells                             Type                      Level
   a - Flame Tongue                   Conjuration/Fire             1
   b - Throw Flame                    Conjuration/Fire             2
   c - Conjure Flame                  Conjuration/Fire             3
   d - Inner Flame                    Hexes/Fire                   3
   e - Sticky Flame                   Conjuration/Fire             4
   f - Fireball                       Conjuration/Fire             5
 c - a book of Envenomations

   Spells                             Type                      Level
   a - Spider Form                    Transmutation/Poison         3
   b - Alistair's Intoxication        Transmutation/Poison         4
   c - Olgreb's Toxic Radiance        Poison                       4
   d - Poisonous Cloud                Conjuration/Poison/Air       6
Comestibles
 d - 2 meat rations
 n - 3 beef jerkies
 s - a bread ration


   Skills:
 + Level 1.8 Fighting
 + Level 2.0 Polearms
 + Level 4.8 Dodging
 + Level 3.5 Stealth
 + Level 3.9 Spellcasting
 + Level 4.6 Conjurations
 + Level 5.5 Fire Magic


You had 4 spell levels left.
You knew the following spells:

 Your Spells              Type           Power        Failure   Level  Hunger
a - Flame Tongue          Conj/Fire      ####.        1%          1    None
b - Throw Flame           Conj/Fire      ####..       1%          2    #......
c - Conjure Flame         Conj/Fire      ####....     4%          3    ###....
d - Sticky Flame          Conj/Fire      ####....     17%         4    ####...


Dungeon Overview and Level Annotations

Branches:
Dungeon (5/15)             Temple (0/1) D:5

Altars:
Ashenzari
Makhleb
Nemelex Xobeh
Trog
Xom

Annotations:
D:4 exclusion: door
D:5 exclusion: oklob sapling


Innate Abilities, Weirdness & Mutations

You have a beak for a mouth.
You have claws for feet.
You can fly.


Message History

Something hits you. Something shocks you.
Casting: Flame Tongue
Confirm with . or Enter, or press ? or * to list all spells.
Aiming: Flame Tongue
Press: ? - help, Shift-Dir - straight line, f - orc
Aim: an orc, wielding a dagger and wearing a ring mail The flame tongue hits the orc.
The orc appears unharmed.
Something hits you. Something shocks you. The orc hits you with a dagger.
You hit the orc. You claw the orc, but do no damage. Your peck misses the orc.
The orc is heavily wounded.
Something hits you. Something shocks you.
* * * LOW HITPOINT WARNING * * *
The orc hits you but does no damage.
You hit the orc but do no damage. Your peck misses the orc.
The orc hits you with a flail.
* * * LOW HITPOINT WARNING * * *
Something hits you.
* * * LOW HITPOINT WARNING * * *
Something shocks you.
You die...

#........# ..... #
##........##...... ### #.
#.................
##.###.###.........[)......
##...##.............##.o..##
##.....###..#....≈.).##.#.##
##.............#..#.#..P.P
o.
#............oo.........PPP
..
##...<...#...@{...>...P.PPP.
#
##............^.......P.>PPP
##.........[.........PP.
##.##..####..........PP
#.##......#........P?.
#####....###........$.....
#............##...........
#.........................
#..........####........#..


You could see 2 orcs.

Vanquished Creatures
  Prince Ribbit (D:4)
  Purgy (Sewer)
  3 scorpions (D:4)
  A water moccasin skeleton (D:4)
  2 crimson imps (D:5)
  A jelly (D:5)
  2 worker ants (D:4)
  A giant frog skeleton (D:4)
  Natasha (D:3)
  An orc wizard (D:4)
  A worker ant zombie (D:5)
  3 adders
  3 oozes
  An adder zombie (D:4)
  4 worms (D:3)
  2 giant geckos
  6 orcs
  12 bats
  4 goblins (D:1)
  4 hobgoblins
  4 jackals
  A quokka (D:2)
  4 ball pythons
  4 giant cockroaches
  7 giant newts
  A jackal skeleton (D:4)
  8 kobolds
  10 rats
93 creatures vanquished.

Vanquished Creatures (others)
  A plant (D:5)
1 creature vanquished.

Grand Total: 94 creatures vanquished

Notes
Turn   | Place    | Note
--------------------------------------------------------------
     0 | D:1      | kae the Tengu Fire Elementalist began the quest for the Orb.
     0 | D:1      | Reached XP level 1. HP: 10/10 MP: 4/4
   146 | D:1      | Reached XP level 2. HP: 12/15 MP: 4/6
   799 | D:2      | Reached XP level 3. HP: 19/19 MP: 2/7
   985 | D:2      | Reached skill level 4 in Fire Magic
  1501 | D:2      | Found a shattered altar of Ashenzari.
  1501 | D:2      | Found a bloodstained altar of Trog.
  1674 | D:3      | Reached XP level 4. HP: 24/24 MP: 3/8
  1678 | D:3      | Found a glowing drain.
  1693 | Sewer    | Entered a sewer
  1802 | Sewer    | Noticed Purgy
  1813 | Sewer    | Killed Purgy
  1813 | Sewer    | Gained mutation: You can fly. [Tengu growth]
  1813 | Sewer    | Reached XP level 5. HP: 16/28 MP: 0/10
  1893 | Sewer    | Learned a level 2 spell: Throw Flame
  1897 | Sewer    | Learned a level 3 spell: Conjure Flame
  2192 | D:3      | Reached skill level 1 in Fighting
  2210 | D:3      | Noticed Natasha
  2223 | D:3      | Killed Natasha
  2399 | D:3      | Found a sparkling altar of Nemelex Xobeh.
  2767 | D:4      | Reached XP level 6. HP: 32/34 MP: 6/11
  2832 | D:4      | Reached skill level 1 in Polearms
  3214 | D:4      | Reached XP level 7. HP: 38/38 MP: 7/12
  3216 | D:4      | Reached skill level 5 in Fire Magic
  3320 | D:4      | Found a shimmering altar of Xom.
  3320 | D:4      | Found a burning altar of Makhleb.
  3731 | D:5      | Entered Level 5 of the Dungeon
  3865 | D:5      | Noticed Prince Ribbit
  3963 | D:4      | Learned a level 4 spell: Sticky Flame
  3973 | D:4      | Killed Prince Ribbit
  4038 | D:5      | Found a staircase to the Ecumenical Temple.
  4044 | D:5      | Reached XP level 8. HP: 44/44 MP: 14/14
  4185 | D:5      | Slain by a sky beast

Vault maps used:
D:1:      saegor_arrival_simple_d
D:2:      gammafunk_temple_overflow_wave
D:3:      nemelex_altar_shiori, portal_sewer_entry_e, grunt_ministairs_12,
          kennysheep_cluttered_room, uniq_natasha
D:4:      grunt_temple_overflow_champion_of_chaos, first_bread
D:5:      minmay_temple_entry_oklob, uniq_prince_ribbit1, uniq_grinder,
          uniq_duvessa
Sewer:    sewer_big_baddie

Action                   |  1- 3 |  4- 6 |  7- 9 || total
-------------------------+-------+-------+-------++-------
Melee: Unarmed           |    29 |       |       ||    29
       Dagger            |    22 |       |       ||    22
       Spear             |    29 |    61 |    76 ||   166
 Cast: Flame Tongue      |    35 |    53 |    24 ||   112
       Throw Flame       |       |     7 |    15 ||    22
       Sticky Flame      |       |       |     1 ||     1
  Use: Scroll            |     5 |       |       ||     5
       Potion            |       |     1 |       ||     1
 Stab: Sleeping          |     1 |     5 |       ||     6
  Eat: Chunk             |     3 |     1 |     4 ||     8
       Bread ration      |       |     1 |       ||     1
